 Dungeon Crawl Stone Soup version 0.22.1-1-ga44c0e5 (webtiles) character file.

3108 Fang the Cleaver (level 9, -1/55 HPs)
             Began as a Gargoyle Berserker on Nov 1, 2018.
             Was an Elder of Trog.
             Slain by a killer bee (3 damage)
             ... on level 7 of the Dungeon.
             The game lasted 00:08:25 (7039 turns).

Fang the Cleaver (Gargoyle Berserker)               Turns: 7039, Time: 00:08:25

Health: -1/55      AC: 14    Str: 24    XL:     9   Next: 90%
Magic:  9/9        EV: 11    Int:  8    God:    Trog [****..]
Gold:   326        SH:  0    Dex:  9    Spells: 8/8 levels left

rFire    + . .     SeeInvis .   p - +0 war axe
rCold    x . .     Gourm    .   (no shield)
rNeg     + . .     Faith    .   i - +0 scale mail
rPois    ∞         Spirit   .   (no helmet)
rElec    +         Reflect  .   (no cloak)
rCorr    +         Harm     .   (no gloves)
MR       .....                  (no boots)
Stlth    ..........             (no amulet)
HPRegen  0.18/turn              r - ring of resist corrosion (curse)
MPRegen  0.11/turn              w - ring of fire

@: berserk cooldown, starving, slowed, very slow
A: negative energy resistance 1, electricity resistance, unbreathing,
petrification resistance, rot immunity, AC +6
a: Berserk, Trog's Hand, Brothers in Arms, Renounce Religion


You were on level 7 of the Dungeon.
You worshipped Trog.
Trog was greatly pleased with you.
You were starving.

You visited 2 branches of the dungeon, and saw 8 of its levels.

You collected 326 gold pieces.

Inventory:

Hand Weapons
 p - a +0 war axe (weapon)
Armour
 i - a +0 scale mail (worn)
Jewellery
 r - a cursed ring of resist corrosion (left hand)
 w - a ring of fire (right hand)
Wands
 a - a wand of acid (11)
 m - a wand of iceblast (12)
 u - a wand of random effects (17)
 v - a wand of clouds (8)
Scrolls
 d - 3 scrolls of immolation {unknown}
 e - 2 scrolls of remove curse {unknown}
 g - a scroll of enchant armour {unknown}
 h - 7 scrolls of identify {unknown}
 k - 3 scrolls of amnesia {unknown}
 n - 2 scrolls of teleportation {unknown}
 q - a scroll of magic mapping {unknown}
 t - a scroll of fog {unknown}
 y - a scroll of blinking {unknown}
Potions
 b - 2 potions of brilliance {unknown}
 f - 2 potions of heal wounds {unknown}
 j - a potion of degeneration {unknown}
 l - 2 potions of haste {unknown}
 o - 2 potions of curing {unknown}
 s - a potion of agility {unknown}
 x - 2 potions of lignification {unknown}
 z - a potion of resistance {unknown}
Comestibles
 c - 14 rations


   Skills:
 + Level 6.2 Fighting
 + Level 9.9 Axes
 + Level 6.4 Armour
 + Level 3.8 Dodging
 + Level 1.3 Stealth


You had 8 spell levels left.
You didn't know any spells.
Your spell library was empty.

Dungeon Overview and Level Annotations

Branches:
Dungeon (7/15)             Temple (1/1) D:6

Altars:
Ashenzari
Cheibriados
Dithmenos
Elyvilon
Fedhas
Kikubaaqudgha
Makhleb
Nemelex Xobeh
Okawaru
Qazlal
Ru
Trog
Vehumet
Wu Jian
Xom
Yredelemnul
The Shining One


Innate Abilities, Weirdness & Mutations

You are resistant to torment.
Your stone body is resilient. (AC +6)
You are immune to poison.
You resist negative energy. (rN+)
You are resistant to electric shocks. (rElec)
You can survive without breathing.
You are immune to petrification.
You are immune to rotting.


Message History

The killer bee completely misses you. The killer bee barely misses you. x2
Unknown command.
You closely miss the killer bee.
The killer bee is severely wounded.
You hit the killer bee.
The killer bee stings you but does no damage. x4
The killer bee closely misses you. The killer bee stings you.
* * * LOW HITPOINT WARNING * * *
Unknown command.
You closely miss the killer bee.
The killer bee is severely wounded.
You hit the killer bee.
The killer bee stings you but does no damage. x2
The killer bee barely misses you.
The killer bee stings you but does no damage. x2
The killer bee misses you.
You miss the killer bee.
The killer bee is severely wounded.
You barely miss the killer bee. The killer bee stings you.
You die...

#.$#.............#
#..#..##.###..#
.....#..##.###!.#
...## #.......#..#
.. #...###.#..# #
#...# #.$.$##
###.###.....#
#....y.†#.#
.....##@.# #
.#.####y.# ....
#..# .... #..#
#..# .... #.## #.#


You could see 2 killer bees.

Vanquished Creatures
  The ghost of lunkers the Fighter, a novice OgAr (D:5)
  Grinder (D:5)
  A sky beast (D:6)
  2 phantoms
  An ice beast (D:6)
  2 ogres
  A centaur (D:6)
  A bullfrog (D:6)
  7 scorpions
  4 killer bees (D:7)
  5 wights (D:6)
  A vampire bat (D:5)
  2 crimson imps
  2 bullfrog zombies
  A hound (D:6)
  2 centaur skeletons
  5 orc wizards
  6 worker ants
  3 hound skeletons
  Robin (D:3)
  4 gnolls (D:5)
  13 adders
  A shadow imp (D:6)
  2 oozes
  3 dart slugs
  3 fire bats (D:5)
  4 leopard geckos
  10 orcs
  2 spectral bats (D:5)
  3 bat skeletons (D:5)
  A bat zombie (D:5)
  9 giant cockroaches
  10 goblins
  14 hobgoblins
  10 jackals
  4 quokkas
  2 ball pythons
  27 bats
  A bat simulacrum (D:5)
  3 frilled lizards
  A jackal skeleton (D:5)
  7 kobolds
  16 rats
199 creatures vanquished.

Vanquished Creatures (others)
  3 fungi (D:4)
3 creatures vanquished.

Grand Total: 202 creatures vanquished

Notes
Turn   | Place    | Note
-------+----------+-------------------------------------------
     0 | D:1      | Fang the Gargoyle Berserker began the quest for the Orb.
     0 | D:1      | Reached XP level 1. HP: 14/14 MP: 1/1
   254 | D:1      | Reached XP level 2. HP: 15/19 MP: 2/2
   351 | D:1      | Reached skill level 3 in Axes
   395 | D:1      | Reached XP level 3. HP: 17/23 MP: 3/3
   574 | D:1      | Reached ** piety under Trog
   984 | D:2      | Reached XP level 4. HP: 28/28 MP: 4/4
  1231 | D:2      | Found a faded altar of an unknown god.
  1293 | D:2      | Reached skill level 4 in Axes
  1299 | D:2      | Found a glowing golden altar of the Shining One.
  1371 | D:2      | Found a radiant altar of Vehumet.
  1382 | D:2      | Found a burning altar of Makhleb.
  1696 | D:3      | Reached XP level 5. HP: 24/33 MP: 5/5
  2008 | D:3      | Noticed Robin
  2013 | D:3      | Killed Robin
  2016 | D:3      | Reached *** piety under Trog
  2207 | D:3      | Found a bloodstained altar of Trog.
  2207 | D:3      | Found a basalt altar of Yredelemnul.
  2219 | D:3      | Found an ancient bone altar of Kikubaaqudgha.
  2221 | D:3      | Found a white marble altar of Elyvilon.
  2223 | D:3      | Found a blossoming altar of Fedhas.
  2435 | D:3      | Found a snail-covered altar of Cheibriados.
  2912 | D:4      | Reached XP level 6. HP: 28/38 MP: 6/6
  3031 | D:4      | Reached skill level 5 in Axes
  3251 | D:4      | Reached XP level 7. HP: 28/44 MP: 7/7
  3252 | D:4      | Reached skill level 1 in Stealth
  3496 | D:4      | Found the +7 Singing Sword
  3693 | D:4      | Reached skill level 6 in Axes
  4112 | D:5      | Entered Level 5 of the Dungeon
  4116 | D:5      | Reached **** piety under Trog
  4194 | D:5      | Reached skill level 5 in Fighting
  4194 | D:5      | Reached XP level 8. HP: 38/49 MP: 8/8
  4337 | D:5      | Found a transporter.
  4346 | D:5      | Noticed lunkers's ghost (novice OgAr)
  4349 | D:5      | Found a transporter.
  4485 | D:5      | Killed lunkers's ghost
  4485 | D:5      | Reached skill level 7 in Axes
  4485 | D:5      | Reached skill level 5 in Armour
  4643 | D:5      | Reached skill level 8 in Axes
  5044 | D:5      | Reached XP level 9. HP: 52/54 MP: 9/9
  5653 | D:6      | Noticed Grinder
  5661 | D:6      | Paralysed by Grinder for 6 turns
  5674 | D:5      | Killed Grinder
  5857 | D:6      | Found a staircase to the Ecumenical Temple.
  5893 | D:6      | Reached skill level 9 in Axes
  5940 | Temple   | Entered the Ecumenical Temple
  7037 | D:7      | HP: 2/55 [killer bee (6)]
  7039 | D:7      | Slain by a killer bee

Skill      XL: |  1  2  3  4  5  6  7  8  9 |
---------------+----------------------------+-----
Axes           | 3 4 5 6 8 9 |  9.9
Dodging        | 2 3 |  3.8
Fighting       | 4 5 6 |  6.2
Armour         | 3 4 5 6 |  6.4
Stealth        | 1 |  1.3

Action                   |  1- 3 |  4- 6 |  7- 9 || total
-------------------------+-------+-------+-------++-------
Melee: Hand axe          |   135 |   127 |       ||   262
       War axe           |       |    57 |   395 ||   452
Invok: Berserk           |       |       |     4 ||     4
 Stab: Sleeping          |     2 |       |       ||     2
  Eat: Chunk             |       |     8 |    14 ||    22
Armor: Animal skin       |    38 |       |       ||    38
       Scale mail        |    19 |   100 |   352 ||   471
Dodge: Dodged            |    94 |    89 |   332 ||   515
